 Dungeon Crawl Stone Soup version 0.30-a0-728-gc68057be0a (webtiles) character file.

Game seed: 9810237819545788307

49 Dirtsage the Changer (level 3, -12/23 HPs)
             Began as an Octopode Transmuter on Jan 31, 2023.
             Mangled by a gnoll
             ... wielding a +0 halberd
              (13 damage)
             ... on level 2 of the Dungeon.
             The game lasted 00:02:02 (848 turns).

Dirtsage the Changer (Octopode Transmuter)           Turns: 848, Time: 00:02:03

Health: -12/23     AC:  1    Str:  9    XL:     3   Next: 75%
Magic:  3/6        EV: 13    Int: 17    God:
Gold:   86         SH:  0    Dex: 12    Spells: 3/6 levels left

rFire   . . .      SeeInvis .      - Unarmed
rCold   . . .      Faith    .    (no shield)
rNeg    . . .      Spirit   .    (helmet currently unavailable)
rPois   .          Reflect  .    (no amulet)
rElec   .          Harm     .    (no ring)
rCorr   .          Rampage  .    (no ring)
Will    .....                    (no ring)
Stlth   ++                       (no ring)
HPRegen 0.23/turn                (no ring)
MPRegen 0.10/turn                (no ring)
                                 (no ring)
                                 (no ring)

@: appendages, very slightly contaminated
A: tentacle spike 3, almost no armour, amphibious, 8 rings, camouflage 1,
gelatinous body 1, (nimble swimmer 1), tentacles
a: End Transformation


You were on level 2 of the Dungeon.
One of your tentacles had grown a beastly spike.
You visited 1 branch of the dungeon, and saw 2 of its levels.

You collected 86 gold pieces.

Inventory:

Missiles
 h - 6 curare-tipped darts
Scrolls
 c - 2 scrolls of teleportation {unknown}
 e - a scroll of amnesia {unknown}
 f - a scroll of blinking {unknown}
Potions
 a - a potion of lignification
 b - a potion of ambrosia {unknown}
 d - 2 potions of might {unknown}
 g - a potion of degeneration {unknown}


   Skills:
 - Level 1.0 Fighting
 - Level 2.0 Dodging
 - Level 3.0 Unarmed Combat
 - Level 2.0 Spellcasting
 * Level 3.1 Transmutations
 * Level 2.1 Ice Magic


You had 3 spell levels left.
You knew the following spells:

 Your Spells              Type           Power      Damage    Failure   Level
a - Beastly Appendage     Tmut           24%        N/A       5%          1
b - Wereblood             Tmut           12%        N/A       9%          2

Your spell library contained the following spells:

 Spells                   Type           Power      Damage    Failure   Level
 Spider Form              Tmut/Pois      7%         N/A       30%         3
 Ice Form                 Ice/Tmut       10%        N/A       54%         4


Dungeon Overview and Level Annotations

Branches:
Dungeon (2/15)

Altars:
Xom


Innate Abilities, Weirdness & Mutations

One of your tentacles has grown a beastly spike.
You cannot wear most types of armour.
You are amphibious.
You can wear up to eight rings at the same time.
Your skin changes colour to match your surroundings (Stealth+).
Your rubbery body absorbs attacks. (AC +1, EV +1)
((You are camouflaged when in or above water. (Stealth+)))
You have tentacles for arms and can constrict up to eight enemies at once.


Message History

The bat moves out of view.
Health restored: 23 You see here 9 gold pieces.
A bat is nearby!
You catch the helpless bat completely off-guard!
You tentacle-slap the bat but do no damage.
You grab the bat. You constrict the bat. The bat misses you.
The bat escapes!
The bat closely misses you.
You tentacle-slap the bat.
You kill the bat!
No target in view!
d - 2 fuming sapphire potions (gained 1)
You now have 86 gold pieces (gained 11).
You see here a fuming red potion.
A gnoll is nearby!
Casting: Beastly Appendage (safe; 5% risk of failure)
Confirm with . or Enter, or press ? or * to list all spells.
One of your tentacles grows a vicious spike.
The gnoll shouts!
You now have 5/6 mp.
Casting: Beastly Appendage (safe; 5% risk of failure)
Confirm with . or Enter, or press ? or * to list all spells.
You miscast Wereblood.
You are very lightly contaminated with residual magic.
Nothing appears to happen.
You now have 3/6 mp.
The gnoll hits you with a +0 halberd!
Ouch! That really hurt!
You take 13 damage, and have 10/23 hp.
MASSIVE DAMAGE!!
You barely miss the gnoll. You grab the gnoll.
You pierce the gnoll.
The gnoll is lightly wounded.
You constrict the gnoll, but do no damage.
The gnoll hits you with a +0 halberd!
* * * LOW HITPOINT WARNING * * *
You take 9 damage, and have 1/23 hp.
MASSIVE DAMAGE!!
You tentacle-slap the gnoll.
The gnoll is moderately wounded.
You constrict the gnoll. The gnoll hits you with a +0 halberd!
Ouch! That really hurt!
You die...

.....gg.......
#.##....###### ..#
#..<....... ..#
#.....#.#### #.#
.#......... #.#
....>....### #.#
#.#.....### #.#
#..(..#.########g#######
#..#..#.........@.......
#.##...........!..######
...............##.#
.........._...## .#
#.###$.......## .#
....)........# .#
#.####..)).?## .# ###
#.......... .#
##########.#


You could see a gnoll.

Vanquished Creatures
  A gnoll (D:2)
  An adder (D:2)
  A worm (D:2)
  6 ball pythons
  An endoplasm (D:2)
  A giant cockroach (D:1)
  3 goblins (D:2)
  2 hobgoblins (D:1)
  A quokka (D:1)
  2 bats
  A frilled lizard (D:1)
  2 kobolds
  6 rats (D:1)
28 creatures vanquished.

Notes
Turn   | Place    | Note
-------+----------+-------------------------------------------
     0 | D:1      | Dirtsage the Octopode Transmuter began the quest for the
                  | Orb.
     0 | D:1      | Reached XP level 1. HP: 13/13 MP: 3/3
   195 | D:1      | Reached skill level 1 in Ice Magic
   195 | D:1      | Reached XP level 2. HP: 18/18 MP: 5/5
   200 | D:1      | Learned a level 2 spell: Wereblood
   409 | D:1      | Found a faded altar of an unknown god.
   625 | D:2      | Reached XP level 3. HP: 23/23 MP: 4/6
   745 | D:2      | Found a shimmering altar of Xom.
   847 | D:2      | HP: 1/23 [gnoll/+0 halberd (10)]
   848 | D:2      | Mangled by a gnoll

Illustrated notes

Levels and vault maps discovered:
D:1:      onia_arrival_handbag, layout_rooms, nicolae_ecumenical_snake_handling
D:2:      layout_basic, basic_altar

Skill      XL: |  1  2  3 |
---------------+----------+-----
Ice Magic      | 1 2 |  2.1
Transmutations | 3 |  3.1
Fighting       | |  1.0
Dodging        | |  2.0
Unarmed Combat | |  3.0
Spellcasting   | |  2.0

Action                     || total
---------------------------++-------
  Melee: Unarmed           ||    53
         Tentacles         ||    13
         Constrict         ||    16
         Kick              ||    15
         Punch             ||     3
   Cast: Beastly Appendage ||    13
         Wereblood         ||     1
   Stab: Sleeping          ||     7
         Distracted        ||     1
 Armour: Skin              ||     5
  Dodge: Dodged            ||    26

Table legend: (Time is in decaauts)
 A = Elapsed time spent in this place.
 B = Non-inter-level travel time spent in this place.
 C = Inter-level travel time spent in this place.
 D = Time resting spent in this place.
 E = Time spent auto-exploring this place.
 F = Levels seen in this place.
 G = Mean time per level.
                   A        B        C        D        E       F      G
               +--------+--------+--------+--------+--------+-----+--------+
         Total |    845 |    806 |     39 |      0 |    598 |   2 |  422.5 |
       Dungeon |    845 |    806 |     39 |      0 |    598 |   2 |  422.5 |
               +--------+--------+--------+--------+--------+-----+--------+

Top non-repeatable levels by time:
     D:1: 525 daAuts
     D:2: 320 daAuts
